 Dungeon Crawl Stone Soup version 0.23.0-33-g5e6c059fef (webtiles) character file.

Game seed: 3382535123311851999

146 Danqa the Shield-Bearer (level 5, 0/33 HPs)
             Began as a Gargoyle Fighter on Feb 26, 2019.
             Killed by nerve-wracking pain
             ... invoked by an orc priest
              (1 damage)
             ... on level 3 of the Dungeon.
             The game lasted 00:04:29 (1688 turns).

Danqa the Shield-Bearer (Gargoyle Fighter)          Turns: 1688, Time: 00:04:31

Health: 0/33       AC: 11    Str: 21    XL:     5   Next: 28%
Magic:  5/5        EV:  7    Int:  8    God:
Gold:   121        SH:  9    Dex:  9    Spells: 4/4 levels left

rFire    + . .     SeeInvis .   a - +0 flail
rCold    x . .     Gourm    .   c - +0 shield
rNeg     + . .     Faith    .   b - +0 scale mail
rPois    ∞         Spirit   .   (no helmet)
rElec    +         Reflect  .   (no cloak)
rCorr    .         Harm     .   (no gloves)
MR       .....                  (no boots)
Stlth    ..........             (no amulet)
HPRegen  0.11/turn              g - ring of fire
MPRegen  0.09/turn              (no ring)

@: no status effects
A: negative energy resistance 1, electricity resistance, unbreathing,
petrification resistance, rot immunity, AC +4
a: no special abilities


You were on level 3 of the Dungeon.
You were not hungry.

You visited 1 branch of the dungeon, and saw 3 of its levels.

You collected 121 gold pieces.

Inventory:

Hand Weapons
 a - a +0 flail (weapon)
Armour
 b - a +0 scale mail (worn)
 c - a +0 shield (worn)
Jewellery
 g - a ring of fire (left hand)
Scrolls
 e - 6 scrolls of identify
 i - a scroll of fog {unknown}
Potions
 d - a potion of might
Comestibles
 f - 3 rations
 j - 3 chunks of flesh


   Skills:
 + Level 3.9 Fighting
 + Level 3.4 Maces & Flails
 + Level 3.9 Armour
 - Level 0.5 Dodging
 + Level 4.4 Shields


You had 4 spell levels left.
You didn't know any spells.
Your spell library was empty.

Dungeon Overview and Level Annotations

Branches:
Dungeon (3/15)

Altars:


Innate Abilities, Weirdness & Mutations

You are resistant to torment.
Your stone body is resilient. (AC +4)
You are immune to poison.
You resist negative energy. (rN+)
You are resistant to electric shocks. (rElec)
You can survive without breathing.
You are immune to petrification.
You are immune to rotting.


Message History

You barely miss the orc.
The orc priest calls down the wrath of Beogh upon you.
Beogh smites you! The orc closely misses you.
You feel less invigorated.
You feel less confused. You block the orc's attack.
The orc priest calls down the wrath of Beogh upon you.
Beogh smites you! The orc hits you but does no damage.
You hit the orc priest but do no damage.
You block the orc's attack. The orc priest barely misses you.
The orc completely misses you. The orc hits you but does no damage.
The orc priest hits you but does no damage.
Your shield and scale mail prevent you from hitting the orc priest.
The orc priest mumbles some strange prayers to Beogh against you.
Beogh smites you!
* * * LOW HITPOINT WARNING * * *
The orc barely misses you. The orc hits you but does no damage.
The orc priest invokes the aid of Beogh against you.
Pain shoots through your body!
You die...

## .## ##
#.#############
#.##.......†......
#....##.#.#######
#..oo...#o# #
##o@o####.# ..
#..## #o# #.###
#..# #o##......
#..# #...o.....
#..# ####o#.###
#..## # #...#
#.#.# #.#.#


You could see 2 orc priests and 2 orcs.

Vanquished Creatures
  An orc wizard (D:3)
  4 adders
  2 worms (D:2)
  2 dart slugs (D:1)
  A leopard gecko (D:1)
  9 orcs (D:3)
  4 giant cockroaches
  8 goblins
  8 hobgoblins
  2 jackals (D:3)
  A quokka (D:2)
  A ball python (D:3)
  3 bats
  3 frilled lizards
  8 kobolds
  7 rats
64 creatures vanquished.

Notes
Turn   | Place    | Note
-------+----------+-------------------------------------------
     0 | D:1      | Danqa the Gargoyle Fighter began the quest for the Orb.
     0 | D:1      | Reached XP level 1. HP: 14/14 MP: 1/1
   106 | D:1      | Reached XP level 2. HP: 15/19 MP: 2/2
   408 | D:1      | Reached XP level 3. HP: 22/23 MP: 3/3
   848 | D:2      | Reached XP level 4. HP: 26/29 MP: 4/4
   865 | D:2      | Reached skill level 4 in Shields
  1395 | D:3      | Reached XP level 5. HP: 17/33 MP: 5/5
  1688 | D:3      | HP: 1/33 [orc priest/divine providence (10)]
  1688 | D:3      | Killed from afar by an orc priest

Skill      XL: |  1  2  3  4 |
---------------+-------------+-----
Shields        | 4 |  4.4
Maces & Flails | 3 |  3.4
Fighting       | |  3.9
Armour         | |  3.9
Dodging        | |  0.5

Action                   |  1- 3 |  4- 6 || total
-------------------------+-------+-------++-------
Melee: Flail             |   148 |   171 ||   319
  Use: Scroll            |       |     1 ||     1
       Potion            |       |     1 ||     1
  Eat: Chunk             |       |     3 ||     3
Armor: Scale mail        |   100 |   147 ||   247
Dodge: Dodged            |    56 |    87 ||   143
Block: Shield            |    88 |   125 ||   213
